 Dungeon Sprint DCSS version 0.17-a0-1651-gae1a69f (webtiles) character file.

48115 Kidiri the Tortoise (level 14, -6/136 HPs)
             Began as a Minotaur Fighter on Aug 14, 2015.
             Was the Champion of Okawaru.
             Killed by drain life
             ... invoked by a soul eater
             ... summoned by a mummy priest
              (16 damage)
             ... in the Dungeon (Sprint VII: "The Pits") on Aug 15, 2015.
             The game lasted 00:24:09 (4983 turns).

Kidiri the Tortoise (Minotaur Fighter)              Turns: 4983, Time: 00:24:09

Health: -6/136     AC: 37    Str: 23    XL:     14   Next: 11%
Magic:  23/23      EV: 16    Int:  5    God:    Okawaru [******]
Gold:   22         SH: 17    Dex: 16    Spells: 0 memorised, 13 levels left

rFire  + . .     SeeInvis .     E - +0 demon whip (drain)
rCold  + . .     Clarity  .     r - +2 gold dragon armour
rNeg   . . .     SustAt   .     c - +0 shield
rPois  +         Gourm    .     a - +2 hat
rElec  .         Spirit   .     y - +1 cloak
rCorr  .         Warding  .     s - +2 pair of gloves {Dex+3}
rMut   +         NoTele   +     (no boots)
MR     +....                    x - amulet of resist mutation
Stlth  ..........               t - +3 ring of evasion
                                b - +3 ring of protection

@: weakened, somewhat resistant to hostile enchantments, extremely unstealthy
A: retaliatory headbutt, horns 2, slow healing 1, subdued magic 1
a: Heroism, Finesse, Renounce Religion


You were in the Dungeon.
You worshipped Okawaru.
Okawaru was exalted by your worship.
You were very hungry.

You visited 1 branch You collected 22 gold pieces.

Inventory:

Hand weapons
 w - a +2 morningstar of crushing
 E - a +0 demon whip of draining (weapon)
Armour
 a - a +2 hat (worn)
 c - a +0 shield (worn)
 r - a +2 gold dragon armour (worn)
 s - a +2 pair of gloves of dexterity (worn)
 y - a +1 cloak (worn)
Jewellery
 b - a +3 ring of protection (left hand)
 t - a +3 ring of evasion (right hand)
 x - an amulet of resist mutation (around neck)
Scrolls
 k - 3 scrolls of blinking
 o - 6 scrolls of remove curse
 p - 5 scrolls of amnesia
 q - a scroll of summoning
 z - 2 scrolls of recharging
 A - 2 scrolls of identify
 C - 2 scrolls of fear
Potions
 d - 3 potions of might
 f - 5 potions of curing
 g - 11 potions of heal wounds
 h - 3 potions of haste
 i - 4 potions of magic
 j - 5 potions of berserk rage
 n - 2 potions of invisibility
 u - a potion of cure mutation
 v - a potion of brilliance
 B - a potion of agility
Comestibles
 e - 6 bread rations
 l - 40 fruits
 m - 11 meat rations
 D - 7 chunks of flesh


   Skills:
 + Level 15.7 Fighting
 * Level 20.7 Maces & Flails
 * Level 20.9 Armour
 + Level 14.5 Dodging
 * Level 20.9 Shields
 + Level 13.3 Invocations


You had 13 spell levels left.
You didn't know any spells.

Dungeon Overview and Level Annotations

Branches:
Dungeon (1/1)

Altars:
Ashenzari
Cheibriados
Dithmenos
Elyvilon
Fedhas
Gozag
Kikubaaqudgha
Makhleb
Nemelex Xobeh
Okawaru
Qazlal
Ru
Sif Muna
Trog
Vehumet
Xom
Yredelemnul
Zin
The Shining One
Beogh
Jiyva
Lugonu

Annotations:
D Saint Roka


Innate Abilities, Weirdness & Mutations

You reflexively headbutt those who attack you in melee.
You have a pair of horns on your head.
You heal slowly when monsters are visible.
Your spells are a little easier to cast, but a little less powerful.


Message History

The air twists around and strikes you!
Saint Roka mumbles some strange prayers to Beogh against you.
Something smites you!
* * * LOW HITPOINT WARNING * * *
You block the orange demon's attack.
The orc warlord roars a battlecry!
Things that are here:
an arrow; an uncursed staff of power; a robe You feel like a meek peon again.
Things that are here:
a +2 battleaxe of flaming the +6 arbalest of Gacuw {velocity, rPois Str+9 Int+3 Dex-5} Your hands slow down.
The orc warlord roars a battlecry!
The orc warriors go into a battle-frenzy!
The spriggan air mage waves its arms in wide circles.
The air twists around and strikes you!
* * * LOW HITPOINT WARNING * * *
The soul eater draws from the surrounding life force!
You die...

.#### ####C.. ....o o......
o...o##....... ...h.o.i....3.
####''#### #####++#####
#...3.o..#### #..........#
.....##.)M.t.#####..........#
........)i.(3(o()'..#....#..#
.........4O4o)oD@'..........#
##################..........#
##################..#....#..#
................++..........#
................++..........#
##############..##..#....#..#
.#.#)#)#.#.#.#..##..(.......+
#)#)#|#.#.#=##..##..........+
:#)#)#.#:#.#.#..####++####++#


You could see an alligator snapping turtle, an orc warlord, an ice dragon, a
mummy priest, a soul eater, an orange demon, a spriggan air mage, a blue devil,
2 orc warriors and an ogre.

Vanquished Creatures
  A balrug (D)
  A frost giant (D)
  2 orc warlords (D)
  A green draconian (D)
  An apis (D)
  2 mottled draconians (D)
  A red draconian (D)
  A merfolk javelineer (D)
  3 vault guards (D)
  A death ooze (D)
  A minotaur (D)
  2 yaktaur captains (D)
  2 centaur warriors (D)
  3 merfolk avatars (D)
  An alligator snapping turtle (D)
  A vampire mage (D)
  A fire crab (D)
  6 deep elf knights (D)
  2 sea snakes (D)
  A deep troll (D)
  A lindwurm (D)
  A spriggan druid (D)
  13 orc knights (D)
  A wizard (D)
  An ugly thing (D)
  A sixfirhy (D)
  An orc sorcerer (D)
  2 manticores (D)
  A rust devil (D)
  Maurice (D)
  3 molten gargoyles (D)
  A black mamba (D)
  A spiny frog (D)
  A naga mage (D)
  A kobold demonologist (D)
  4 yaktaurs (D)
  A freezing wraith (D)
  A guardian mummy (D)
  A troll (D)
  A komodo dragon (D)
  A fire drake (D)
  A red devil (D)
  3 merfolk (D)
  3 blink frogs (D)
  A blue devil (D)
  2 bog bodies (D)
  A small abomination (D)
  A deep elf mage (D)
  A water elemental (D)
  A tarantella (D)
  A trapdoor spider (D)
  A redback (D)
  2 vampires (D)
  2 fire bats (D)
  A wraith (D)
  A fire elemental (D)
  A wyvern (D)
  A neqoxec (D)
  3 yaks (D)
  12 wolves (D)
  Menkaure (D)
  3 deep elf fighters (D)
  A hippogriff (D)
  3 nagas (D)
  3 insubstantial wisps (D)
  3 orc warriors (D)
  A soldier ant (D)
  A swamp drake (D)
  A necrophage (D)
  A centaur (D)
  A porcupine (D)
  2 phantoms (D)
  A brain worm (D)
  A giant frog (D)
  2 earth elementals (D)
  A scorpion (D)
  8 killer bees (D)
  A quasit (D)
  An orc priest (D)
  2 hounds (D)
  An orc wizard (D)
  3 river rats (D)
  2 adders (D)
  A white imp (D)
  3 giant geckos (D)
  8 orcs (D)
  A bat skeleton (D)
  A kobold (D)
  A quokka (D)
  A ball python skeleton (D)
  A giant gecko skeleton (D)
  A giant newt (D)
  A goblin (D)
175 creatures vanquished.

Vanquished Creatures (others)
  Prince Ribbit (D)
  A killer bee (D)
  An orc (D)
3 creatures vanquished.

Grand Total: 178 creatures vanquished

Notes
Turn   | Place    | Note
--------------------------------------------------------------
     0 | D        | Kidiri the Minotaur Fighter began the quest for the Orb.
     0 | D        | Reached XP level 1. HP: 19/19 MP: 0/0
    12 | D        | Reached skill level 4 in Armour
    22 | D        | Found a sacrificial altar of Ru.
    22 | D        | Found a basalt altar of Yredelemnul.
    22 | D        | Found a shadowy altar of Dithmenos.
    22 | D        | Found a deep blue altar of Sif Muna.
    22 | D        | Found a burning altar of Makhleb.
    22 | D        | Found a shimmering altar of Xom.
    22 | D        | Found an ancient bone altar of Kikubaaqudgha.
    22 | D        | Found a sparkling altar of Nemelex Xobeh.
    23 | D        | Found a glowing golden altar of the Shining One.
    23 | D        | Found a bloodstained altar of Trog.
    23 | D        | Found a shattered altar of Ashenzari.
    23 | D        | Found a white marble altar of Elyvilon.
    23 | D        | Found a snail-covered altar of Cheibriados.
    23 | D        | Found a blossoming altar of Fedhas.
    23 | D        | Found a radiant altar of Vehumet.
    23 | D        | Found a glowing silver altar of Zin.
    23 | D        | Found a corrupted altar of Lugonu.
    23 | D        | Found a viscous altar of Jiyva.
    23 | D        | Found a roughly hewn altar of Beogh.
    23 | D        | Found an iron altar of Okawaru.
    29 | D        | Found a stormy altar of Qazlal.
    29 | D        | Found an opulent altar of Gozag.
    32 | D        | Became a worshipper of Warmaster Okawaru
   175 | D        | Reached skill level 1 in Dodging
   416 | D        | Reached XP level 2. HP: 27/27 MP: 1/1
   424 | D        | Noticed a deep elf fighter
   449 | D        | Killed a deep elf fighter
   449 | D        | Acquired Okawaru's first power
   449 | D        | Reached skill level 5 in Fighting
   449 | D        | Reached skill level 5 in Maces & Flails
   449 | D        | Reached skill level 6 in Armour
   449 | D        | Reached XP level 3. HP: 8/36 MP: 1/3
   449 | D        | Reached XP level 4. HP: 9/42 MP: 1/4
   705 | D        | Noticed a hound
   706 | D        | Noticed a wolf
   706 | D        | Noticed Menkaure
   717 | D        | Killed a wolf
   717 | D        | Reached skill level 7 in Maces & Flails
   717 | D        | Reached skill level 8 in Armour
   717 | D        | Reached XP level 5. HP: 40/50 MP: 2/6
   722 | D        | Killed a hound
   722 | D        | Reached XP level 6. HP: 44/57 MP: 2/7
   726 | D        | Killed Menkaure
   726 | D        | Reached skill level 9 in Armour
   726 | D        | Reached skill level 5 in Dodging
   960 | D        | Noticed a fire bat
   968 | D        | Killed a fire bat
   968 | D        | Reached XP level 7. HP: 47/64 MP: 7/9
   993 | D        | Noticed a spiny frog
   999 | D        | Killed a spiny frog
   999 | D        | Reached skill level 10 in Armour
   999 | D        | Reached skill level 10 in Shields
   999 | D        | Reached skill level 5 in Invocations
  1022 | D        | Noticed a giant frog
  1022 | D        | Noticed an orc wizard
  1034 | D        | Killed an orc wizard
  1035 | D        | Reached skill level 10 in Maces & Flails
  1041 | D        | Killed a giant frog
  1121 | D        | Noticed a necrophage
  1121 | D        | Noticed a molten gargoyle
  1121 | D        | Noticed a phantom
  1132 | D        | Killed a necrophage
  1132 | D        | Reached XP level 8. HP: 70/74 MP: 9/11
  1139 | D        | Killed a molten gargoyle
  1139 | D        | Reached skill level 11 in Armour
  1144 | D        | Killed a phantom
  1303 | D        | Noticed Prince Ribbit
  1303 | D        | Noticed a wolf
  1304 | D        | Noticed a komodo dragon
  1307 | D        | Killed a wolf
  1313 | D        | Killed Prince Ribbit
  1320 | D        | Killed a komodo dragon
  1320 | D        | Reached XP level 9. HP: 61/82 MP: 10/13
  1335 | D        | Noticed a bog body
  1337 | D        | Noticed a killer bee
  1337 | D        | Noticed a killer bee
  1337 | D        | Noticed a killer bee
  1337 | D        | Noticed a black mamba
  1339 | D        | Killed a bog body
  1339 | D        | Reached skill level 12 in Armour
  1346 | D        | Killed a killer bee
  1348 | D        | Killed a killer bee
  1349 | D        | Killed a killer bee
  1355 | D        | Killed a black mamba
  1355 | D        | Acquired Okawaru's second power
  1376 | D        | Noticed a fire drake
  1383 | D        | Killed a fire drake
  1405 | D        | Noticed a soldier ant
  1405 | D        | Noticed a sea snake
  1405 | D        | Noticed a molten gargoyle
  1409 | D        | Killed a soldier ant
  1416 | D        | Killed a molten gargoyle
  1416 | D        | Reached skill level 13 in Armour
  1417 | D        | Killed a sea snake
  1643 | D        | Noticed a fire bat
  1645 | D        | Noticed an orc sorcerer
  1649 | D        | Killed an orc sorcerer
  1649 | D        | Reached skill level 10 in Fighting
  1649 | D        | Reached XP level 10. HP: 93/93 MP: 12/15
  1650 | D        | Killed a fire bat
  1662 | D        | Noticed a redback
  1662 | D        | Noticed a lindwurm
  1665 | D        | Noticed a freezing wraith
  1670 | D        | Killed a redback
  1678 | D        | Killed a lindwurm
  1689 | D        | Killed a freezing wraith
  1689 | D        | Received a gift from Okawaru
  1689 | D        | Reached skill level 14 in Armour
  1699 | D        | Noticed a small abomination
  1712 | D        | Killed a small abomination
  1924 | D        | Noticed a troll
  1924 | D        | Noticed a sixfirhy
  1929 | D        | Killed a troll
  1935 | D        | Killed a sixfirhy
  1936 | D        | Noticed a bog body
  1939 | D        | Noticed a red devil
  1940 | D        | Noticed an orc knight
  1941 | D        | Noticed an orc warrior
  1944 | D        | Noticed an orc warrior
  1944 | D        | Killed a bog body
  1946 | D        | Noticed a wolf
  1959 | D        | Killed a wolf
  1963 | D        | Killed a red devil
  1963 | D        | Received a gift from Okawaru
  1964 | D        | Got a bloodstained ring mail {god gift}
  1972 | D        | Killed an orc knight
  1978 | D        | Killed an orc warrior
  1981 | D        | Killed an orc warrior
  2000 | D        | Identified the +0 ring mail of Wonder {rC+ Int-3 Dex+3} (Okawaru gifted it to you in the Dungeon)
  2184 | D        | Noticed a merfolk avatar
  2184 | D        | Noticed a phantom
  2184 | D        | Noticed an orc priest
  2184 | D        | Noticed a scorpion
  2184 | D        | Noticed Maurice
  2185 | D        | Noticed a guardian mummy
  2185 | D        | Noticed a manticore
  2185 | D        | Noticed a manticore
  2185 | D        | Noticed a deep troll
  2186 | D        | Noticed a kobold demonologist
  2187 | D        | Killed a scorpion
  2190 | D        | Killed an orc priest
  2197 | D        | Killed a kobold demonologist
  2197 | D        | Reached skill level 10 in Dodging
  2207 | D        | Killed a guardian mummy
  2207 | D        | Reached XP level 11. HP: 78/102 MP: 9/16
  2209 | D        | Killed a manticore
  2209 | D        | Reached skill level 15 in Armour
  2209 | D        | Reached skill level 15 in Shields
  2217 | D        | Killed Maurice
  2218 | D        | Killed a manticore
  2218 | D        | Reached skill level 15 in Maces & Flails
  2222 | D        | Killed a deep troll
  2223 | D        | Killed a phantom
  2233 | D        | Killed a merfolk avatar
  2315 | D        | Noticed a trapdoor spider
  2324 | D        | Killed a trapdoor spider
  2706 | D        | Gained mutation: Your spells are a little easier to cast, but a little less powerful. [potion of mutation]
  2706 | D        | Gained mutation: You heal slowly when monsters are visible. [potion of mutation]
  2787 | D        | Noticed a killer bee
  2788 | D        | Noticed a killer bee
  2788 | D        | Noticed a killer bee
  2788 | D        | Noticed a swamp drake
  2789 | D        | Noticed a killer bee
  2793 | D        | Killed a killer bee
  2795 | D        | Killed a killer bee
  2796 | D        | Killed a killer bee
  2809 | D        | Killed a swamp drake
  2816 | D        | Killed a killer bee
  2833 | D        | Noticed a wyvern
  2833 | D        | Noticed a neqoxec
  2833 | D        | Noticed a blink frog
  2833 | D        | Noticed a blink frog
  2833 | D        | Noticed a blink frog
  2837 | D        | Killed a blink frog
  2842 | D        | Killed a blink frog
  2845 | D        | Killed a neqoxec
  2850 | D        | Killed a wyvern
  2852 | D        | Killed a blink frog
  2975 | D        | Noticed a porcupine
  2975 | D        | Noticed a naga
  2981 | D        | Killed a porcupine
  2985 | D        | Killed a naga
  2986 | D        | Noticed a naga mage
  2987 | D        | Noticed a naga
  2987 | D        | Noticed a naga
  2993 | D        | Killed a naga
  2993 | D        | Reached skill level 16 in Armour
  2997 | D        | Killed a naga mage
  3001 | D        | Killed a naga
  3012 | D        | Noticed an earth elemental
  3014 | D        | Noticed a wraith
  3020 | D        | Killed an earth elemental
  3028 | D        | Killed a wraith
  3038 | D        | Noticed a brain worm
  3038 | D        | Noticed a merfolk avatar
  3038 | D        | Noticed a quasit
  3058 | D        | Killed a merfolk avatar
  3058 | D        | Received a gift from Okawaru
  3058 | D        | Reached skill level 10 in Invocations
  3062 | D        | Killed a brain worm
  3063 | D        | Killed a quasit
  3231 | D        | Noticed a hound
  3231 | D        | Noticed a deep elf knight
  3231 | D        | Noticed a molten gargoyle
  3231 | D        | Noticed a wolf
  3231 | D        | Noticed a wolf
  3232 | D        | Noticed a vampire
  3234 | D        | Killed a wolf
  3236 | D        | Noticed a deep elf knight
  3238 | D        | Killed a vampire
  3239 | D        | Noticed a wolf
  3239 | D        | Killed a wolf
  3242 | D        | Killed a wolf
  3243 | D        | Noticed an alligator snapping turtle
  3243 | D        | Noticed a wolf
  3243 | D        | Noticed a minotaur
  3247 | D        | Killed a wolf
  3262 | D        | Killed an alligator snapping turtle
  3263 | D        | Noticed a yak
  3264 | D        | Killed a yak
  3270 | D        | Killed a minotaur
  3273 | D        | Killed a molten gargoyle
  3273 | D        | Reached XP level 12. HP: 80/113 MP: 13/18
  3274 | D        | Noticed a deep elf fighter
  3274 | D        | Noticed a yak
  3274 | D        | Noticed a yak
  3277 | D        | Killed a yak
  3279 | D        | Killed a yak
  3285 | D        | Killed a hound
  3287 | D        | Noticed a wolf
  3290 | D        | Killed a wolf
  3293 | D        | Killed a deep elf fighter
  3294 | D        | Noticed a wolf
  3299 | D        | Killed a wolf
  3303 | D        | Killed a deep elf knight
  3303 | D        | Reached skill level 17 in Armour
  3304 | D        | Noticed a fire crab
  3306 | D        | Killed a fire crab
  3307 | D        | Noticed a deep elf mage
  3307 | D        | Noticed a deep elf knight
  3309 | D        | Killed a deep elf knight
  3314 | D        | Noticed an apis
  3318 | D        | Noticed an insubstantial wisp
  3323 | D        | Killed an insubstantial wisp
  3324 | D        | Killed a deep elf knight
  3325 | D        | Noticed an earth elemental
  3325 | D        | Noticed a killer bee
  3332 | D        | Killed an apis
  3333 | D        | Noticed a water elemental
  3334 | D        | Killed a water elemental
  3339 | D        | Noticed a wolf
  3340 | D        | Killed an earth elemental
  3344 | D        | Noticed a centaur warrior
  3344 | D        | Killed a deep elf mage
  3345 | D        | Killed a wolf
  3346 | D        | Noticed an insubstantial wisp
  3346 | D        | Noticed a killer bee
  3348 | D        | Killed an insubstantial wisp
  3351 | D        | Noticed a wolf
  3357 | D        | Killed a centaur warrior
  3358 | D        | Killed a killer bee
  3359 | D        | Noticed a wolf
  3359 | D        | Killed a wolf
  3362 | D        | Killed a wolf
  3363 | D        | Killed a killer bee
  3366 | D        | Noticed a rust devil
  3376 | D        | Killed a rust devil
  3397 | D        | Noticed a sea snake
  3400 | D        | Noticed an insubstantial wisp
  3406 | D        | Killed a sea snake
  3406 | D        | Reached skill level 18 in Armour
  3415 | D        | Killed an insubstantial wisp
  3677 | D        | Noticed a merfolk avatar
  3677 | D        | Noticed a merfolk javelineer
  3677 | D        | Noticed a merfolk
  3677 | D        | Noticed a merfolk
  3677 | D        | Noticed a merfolk
  3677 | D        | Noticed a green draconian
  3677 | D        | Noticed a mottled draconian
  3677 | D        | Noticed a red draconian
  3683 | D        | Killed a merfolk avatar
  3683 | D        | Received a gift from Okawaru
  3702 | D        | Killed a green draconian
  3724 | D        | Killed a merfolk javelineer
  3737 | D        | Killed a merfolk
  3747 | D        | Killed a red draconian
  3769 | D        | Killed a mottled draconian
  3769 | D        | Received a gift from Okawaru
  3777 | D        | Killed a merfolk
  3786 | D        | Killed a merfolk
  4007 | D        | Noticed a tarantella
  4007 | D        | Noticed an orc knight
  4007 | D        | Noticed an orc knight
  4007 | D        | Noticed an orc knight
  4007 | D        | Noticed an orc knight
  4007 | D        | Noticed an orc knight
  4008 | D        | Noticed an orc knight
  4008 | D        | Noticed an orc knight
  4008 | D        | Noticed an orc warlord
  4008 | D        | Noticed a fire elemental
  4008 | D        | Noticed an orc warlord
  4009 | D        | Noticed an orc knight
  4011 | D        | Killed a fire elemental
  4018 | D        | Killed an orc knight
  4018 | D        | Reached XP level 13. HP: 124/124 MP: 13/20
  4026 | D        | Killed an orc warlord
  4039 | D        | Killed an orc warlord
  4039 | D        | Reached skill level 19 in Armour
  4040 | D        | Killed a tarantella
  4045 | D        | Killed an orc knight
  4050 | D        | Killed an orc knight
  4059 | D        | Killed an orc knight
  4065 | D        | Killed an orc knight
  4073 | D        | Killed an orc knight
  4078 | D        | Killed an orc knight
  4084 | D        | Killed an orc knight
  4095 | D        | Noticed a yaktaur
  4104 | D        | Noticed a yaktaur
  4106 | D        | Noticed a yaktaur
  4106 | D        | Noticed a deep elf knight
  4107 | D        | Noticed a yaktaur captain
  4110 | D        | Noticed a yaktaur
  4111 | D        | Killed a yaktaur
  4112 | D        | Noticed a centaur warrior
  4114 | D        | Noticed an orc knight
  4114 | D        | Noticed a yaktaur captain
  4116 | D        | Noticed a deep elf knight
  4118 | D        | Killed a yaktaur
  4122 | D        | Killed a yaktaur captain
  4126 | D        | Killed a deep elf knight
  4135 | D        | Killed a yaktaur captain
  4136 | D        | Noticed a mottled draconian
  4140 | D        | Killed a centaur warrior
  4143 | D        | Killed a yaktaur
  4151 | D        | Killed a yaktaur
  4156 | D        | Killed an orc knight
  4157 | D        | Killed a deep elf knight
  4170 | D        | Killed a mottled draconian
  4170 | D        | Reached skill level 15 in Fighting
  4170 | D        | Reached skill level 20 in Shields
  4312 | D        | Noticed an orc knight
  4314 | D        | Noticed a vault guard
  4315 | D        | Noticed an orc knight
  4320 | D        | Killed an orc knight
  4320 | D        | Received a gift from Okawaru
  4333 | D        | Killed a vault guard
  4344 | D        | Killed an orc knight
  4350 | D        | Noticed a vault guard
  4354 | D        | Noticed a balrug
  4364 | D        | Killed a vault guard
  4365 | D        | Noticed a deep elf fighter
  4365 | D        | Noticed an orc knight
  4372 | D        | Killed a balrug
  4382 | D        | Killed an orc knight
  4385 | D        | Killed a deep elf fighter
  4670 | D        | Noticed an orb of fire
  4822 | D        | Noticed a wizard
  4822 | D        | Noticed a vault guard
  4827 | D        | Killed a wizard
  4830 | D        | Noticed a vampire
  4839 | D        | Killed a vault guard
  4849 | D        | Killed a vampire
  4850 | D        | Noticed a red ugly thing
  4851 | D        | Noticed a hippogriff
  4851 | D        | Noticed a vampire mage
  4851 | D        | Noticed a spriggan druid
  4851 | D        | Noticed a blue devil
  4865 | D        | Killed a blue devil
  4868 | D        | Killed a spriggan druid
  4875 | D        | Killed a red ugly thing
  4876 | D        | Killed a hippogriff
  4888 | D        | Killed a vampire mage
  4888 | D        | Reached XP level 14. HP: 135/135 MP: 17/22
  4913 | D        | Noticed a centaur
  4922 | D        | Killed a centaur
  4924 | D        | Noticed an orc warrior
  4924 | D        | Noticed an orc warrior
  4925 | D        | Noticed a deep elf knight
  4925 | D        | Noticed a mummy priest
  4926 | D        | Noticed an orc warlord
  4926 | D        | Noticed a death ooze
  4926 | D        | Noticed a frost giant
  4926 | D        | Noticed an orc warrior
  4926 | D        | Noticed an ogre
  4926 | D        | Noticed an orc warrior
  4926 | D        | Noticed an ice dragon
  4927 | D        | Noticed an orc wizard
  4927 | D        | Noticed a sun demon
  4928 | D        | Noticed a spriggan air mage
  4932 | D        | Noticed an alligator snapping turtle
  4935 | D        | Killed an orc warrior
  4938 | D        | Noticed an apis
  4939 | D        | Killed a deep elf knight
  4941 | D        | Noticed a warg
  4952 | D        | Noticed a spriggan berserker
  4952 | D        | Killed a death ooze
  4953 | D        | Noticed an orc warrior
  4956 | D        | Noticed Saint Roka
  4964 | D        | Killed a frost giant
  4974 | D        | Noticed an orc sorcerer
  4983 | D        | Killed from afar by a soul eater

Vault maps used:
D:        pitsprint

Action                   |  1- 3 |  4- 6 |  7- 9 | 10-12 | 13-15 || total
-------------------------+-------+-------+-------+-------+-------++-------
Melee: Mace              |    26 |    21 |    53 |    93 |       ||   193
       Flail             |     1 |       |       |       |       ||     1
       Morningstar       |       |       |    49 |   349 |   179 ||   577
       Demon whip        |       |       |       |       |   103 ||   103
Invok: Heroism           |       |     2 |     4 |     7 |     3 ||    16
       Finesse           |       |       |       |     8 |     2 ||    10
  Use: Potion            |     1 |       |     1 |     7 |     3 ||    12
       Scroll            |       |       |       |     1 |       ||     1
 Stab: Confused          |       |       |       |     1 |       ||     1
  Eat: Chunk             |       |       |     1 |     2 |     3 ||     6
       Bread ration      |       |       |     2 |       |       ||     2
